 Dungeon Crawl Stone Soup version 0.29.1-1-gd02db6906a (webtiles) character file.

Game seed: 8850329177539954292

1071 mtoz the Digger (level 8, -3/41 HPs)
             Began as a Gargoyle Earth Elementalist on Oct 1, 2022.
             Slain by Prince Ribbit (14 damage)
             ... on level 6 of the Dungeon.
             The game lasted 00:20:03 (5557 turns).

mtoz the Digger (Gargoyle Earth Elementalist)       Turns: 5557, Time: 00:20:04

Health: -3/41      AC: 10    Str: 13    XL:     8   Next: 28%
Magic:  13/13      EV: 12    Int: 17    God:
Gold:   254        SH:  0    Dex: 10    Spells: 4/14 levels left

rFire   . . .      SeeInvis +   (no weapon)
rCold   . . .      Faith    .   (no shield)
rNeg    + . .      Spirit   .   a - +0 robe
rPois   ∞          Reflect  .   j - +1 helmet
rElec   +          Harm     .   (no cloak)
rCorr   .          Rampage  .   (no gloves)
Will    .....                   A - +0 pair of boots
Stlth   +++.......              (no amulet)
HPRegen 0.13/turn               t - ring of see invisible
MPRegen 0.13/turn               (no ring)

@: no status effects
A: sickness immunity, AC +5, negative energy resistance 1, electricity
resistance, torment resistance 1, petrification resistance
a: no special abilities


You were on level 6 of the Dungeon.
You visited 1 branch of the dungeon, and saw 6 of its levels.

You collected 254 gold pieces.

Inventory:

Armour
 a - a +0 robe (worn)
 d - a +0 ring mail
 j - a +1 helmet (worn)
 n - +0 fire dragon scales
 v - a +0 leather armour
 A - a +0 pair of boots (worn)
Jewellery
 t - a ring of see invisible (left hand)
Wands
 u - a wand of iceblast (17)
 x - a wand of paralysis (1)
Scrolls
 c - 2 scrolls of poison
 e - a scroll of teleportation
 f - a scroll of vulnerability
 h - 2 scrolls of butterflies {unknown}
 i - 4 scrolls of magic mapping {unknown}
 k - a scroll of immolation {unknown}
 m - a scroll of enchant weapon {unknown}
 q - 3 scrolls of blinking {unknown}
 y - a scroll of summoning {unknown}
 B - a scroll of fear {unknown}
Potions
 g - a potion of heal wounds
 l - 4 potions of curing
 o - a potion of lignification
 p - 2 potions of resistance
 r - a potion of haste
 s - a potion of might
 w - 2 potions of berserk rage


   Skills:
 + Level 3.4 Dodging
 + Level 5.1 Stealth
 + Level 3.9 Spellcasting
 + Level 2.7 Conjurations
 + Level 3.1 Transmutations
 + Level 5.8 Earth Magic
 + Level 2.1 Evocations


You had 4 spell levels left.
You knew the following spells:

 Your Spells              Type           Power      Damage    Failure   Level
a - Sandblast             Erth           46%        2d11      1%          1
b - Passwall              Tmut/Erth      15%        N/A       3%          2
c - Stone Arrow           Conj/Erth      34%        3d9       9%          3
d - Petrify               Tmut/Erth      18%        N/A       26%         4

Your spell library contained the following spells:

 Spells                   Type           Power      Damage    Failure   Level


Dungeon Overview and Level Annotations

Branches:
Dungeon (6/15)
 Temple: D:4-7

Altars:
Ru

Shops:
D:1 ?

Annotations:
D:6 Prince Ribbit


Innate Abilities, Weirdness & Mutations

You are immune to sickness and miasma.
Your stone body is resilient. (AC +5)
You are immune to poison.
You resist negative energy. (rN+)
You are resistant to electric shocks. (rElec)
You are resistant to unholy torment.
You are immune to petrification.


Message History

Aim: Prince Ribbit (moderately wounded, 45% to hit)
The stone arrow hits Prince Ribbit!
Prince Ribbit is heavily wounded.
Prince Ribbit hits you.
* * * LOW HITPOINT WARNING * * *
Prince Ribbit hits you.
* * * LOW HITPOINT WARNING * * *
You feel much better. Prince Ribbit hits you.
Okay, then.
Press: ? - help, v - describe, . - travel The floor.
Okay, then.
Okay, then.
Okay, then.
Okay, then.
Okay, then.
Aiming: Iceblast
Press: ? - help, Shift-Dir - straight line, p - Prince Ribbit Out of range.
Okay, then.
Okay, then.
Okay, then.
Aiming: Iceblast
Press: ? - help, Shift-Dir - straight line, f/p - Prince Ribbit
Aim: Prince Ribbit (heavily wounded) That beam is likely to hit you.
Continue anyway?
Okay, then.
Unknown command.
Okay, then.
Magic courses through your body.
Prince Ribbit hits you but does no damage.
Aiming: Sandblast (safe; 1% risk of failure)
Press: ? - help, Q - select action, (/) - cycle Shift-Dir - straight line, f/p - Prince Ribbit
Aim: Prince Ribbit (heavily wounded, 70% to hit)
The blast of sand hits Prince Ribbit!
Prince Ribbit is almost dead.
Prince Ribbit hits you!
* * * LOW HITPOINT WARNING * * *
Prince Ribbit hits you!
You die...

#.........#
##...........
##............#
#............##
..####..........
............)...#
###..........###.
#######...##
#@.## #.F## .)...
........
...........
...........#
?.........##
..........#


You could see Prince Ribbit.

Vanquished Creatures
  Maggie (D:6)
  3 water moccasins
  An ogre (D:4)
  A scorpion (D:5)
  A howler monkey (D:5)
  3 hounds
  A jelly (D:4)
  Jessica (D:2)
  An iguana (D:4)
  Terence (D:2)
  2 adders
  A white imp (D:6)
  2 dart slugs
  A worm (D:3)
  7 orcs
  2 bats
  4 endoplasms
  6 giant cockroaches
  7 hobgoblins
  6 jackals
  2 quokkas
  5 ball pythons
  A frilled lizard (D:3)
  4 goblins
  9 kobolds
  6 rats
79 creatures vanquished.

Notes
Turn   | Place    | Note
-------+----------+-------------------------------------------
     0 | D:1      | mtoz the Gargoyle Earth Elementalist began the quest for
                  | the Orb.
     0 | D:1      | Reached XP level 1. HP: 10/10 MP: 3/3
   673 | D:1      | Reached skill level 1 in Transmutations
   673 | D:1      | Reached XP level 2. HP: 15/15 MP: 1/5
   676 | D:1      | Learned a level 2 spell: Passwall
   729 | D:1      | Found Leifusk's Magic Scroll Shop.
  1079 | D:2      | Noticed Jessica
  1084 | D:2      | Killed Jessica
  1085 | D:2      | Reached XP level 3. HP: 19/19 MP: 3/6
  1328 | D:2      | Reached XP level 4. HP: 24/24 MP: 1/7
  1415 | D:2      | Found a faded altar of an unknown god.
  1681 | D:2      | Noticed Terence
  1694 | D:2      | Killed Terence
  2007 | D:2      | Found a sacrificial altar of Ru.
  3466 | D:4      | Reached XP level 5. HP: 7/28 MP: 3/9
  4231 | D:4      | Noticed an ogre
  4238 | D:4      | Learned a level 3 spell: Stone Arrow
  4244 | D:4      | Killed an ogre
  4245 | D:4      | Reached XP level 6. HP: 32/32 MP: 10/10
  4479 | D:5      | Entered Level 5 of the Dungeon
  4482 | D:5      | Reached skill level 1 in Conjurations
  4575 | D:5      | Reached skill level 5 in Earth Magic
  4733 | D:5      | Noticed a water moccasin
  4736 | D:5      | Killed a water moccasin
  4737 | D:5      | Reached XP level 7. HP: 36/36 MP: 5/12
  5081 | D:5      | Reached skill level 1 in Evocations
  5316 | D:6      | Learned a level 4 spell: Petrify
  5538 | D:6      | Noticed Maggie
  5540 | D:6      | Noticed Prince Ribbit
  5553 | D:6      | Killed Maggie
  5554 | D:6      | Reached skill level 5 in Stealth
  5554 | D:6      | Reached XP level 8. HP: 13/41 MP: 3/13
  5557 | D:6      | Slain by Prince Ribbit

Illustrated notes

Levels and vault maps discovered:
D:1:      evilmike_arrival_crescent, layout_loops_ring, serial_shops,
          nicolae_lakefront_shop
D:2:      layout_loops_ring, basic_altar, serial_aquarium,
          aquarium_bridge_long_separate [aquarium_subvault_wall,
          aquarium_subvault_bridge, aquarium_subvault_bridge,
          aquarium_subvault_bridge, aquarium_subvault_window,
          aquarium_subvault_bridge], aquarium_window_corner, aquarium_window_1,
          aquarium_view_2a, aquarium_pool_2,
          chequers_ecumenical_altar_simple_redux, item_on_display_a,
          uniq_jessica, uniq_terence
D:3:      layout_loops_corners, chequers_decorated_corner, kennysheep_nub
D:4:      layout_cave_pools, minmay_fractal_squares_5
D:5:      layout_basic
D:6:      layout_cave_pods, minmay_fire_ice_demons, uniq_maggie,
          uniq_prince_ribbit1

Skill      XL: |  1  2  3  4  5  6  7 |
---------------+----------------------+-----
Transmutations | 1 2 3 |  3.1
Earth Magic    | 4 5 |  5.8
Dodging        | 2 3 |  3.4
Stealth        | 3 4 5 |  5.1
Spellcasting   | 3 |  3.9
Conjurations   | 1 2 |  2.7
Evocations     | 2 |  2.1

Action                   |  1- 3 |  4- 6 |  7- 9 || total
-------------------------+-------+-------+-------++-------
 Cast: Sandblast         |    33 |    89 |    43 ||   165
       Stone Arrow       |       |     1 |     1 ||     2
Evoke: Wand              |       |     4 |     4 ||     8
  Use: Scroll            |     2 |     6 |     2 ||    10
       Potion            |       |     1 |     2 ||     3
Armor: Robe              |     2 |    13 |    13 ||    28
Dodge: Dodged            |     4 |    31 |    24 ||    59
